 Dungeon Crawl Stone Soup version 0.24-a0-513-g284f782df5 (webtiles) character file.

Game seed: 8506221735126717495

46 EWolf the Covered (level 3, -9/33 HPs)
             Began as a Minotaur Fighter on July 20, 2019.
             Killed by divine providence
             ... invoked by an orc priest
              (12 damage)
             ... on level 3 of the Dungeon.
             The game lasted 00:10:00 (1777 turns).

EWolf the Covered (Minotaur Fighter)                Turns: 1777, Time: 00:10:02

Health: -9/33      AC:  9    Str: 21    XL:     3   Next: 46%
Magic:  2/2        EV:  7    Int:  5    God:
Gold:   121        SH:  9    Dex:  9    Spells: 2/2 levels left

rFire    . . .     SeeInvis .   a - +0 war axe
rCold    . . .     Gourm    .   c - +0 shield
rNeg     . . .     Faith    .   b - +0 scale mail
rPois    .         Spirit   .   (helmet restricted)
rElec    .         Reflect  .   g - +1 cloak
rCorr    .         Harm     .   (no gloves)
MR       .....                  (no boots)
Stlth    ..........             (no amulet)
HPRegen  0.11/turn              (no ring)
MPRegen  0.08/turn              (no ring)

@: no status effects
A: retaliatory headbutt, horns 2
a: no special abilities


You were on level 3 of the Dungeon.
You were not hungry.

You visited 1 branch of the dungeon, and saw 3 of its levels.

You collected 121 gold pieces.

Inventory:

Hand Weapons
 a - a +0 war axe (weapon)
Missiles
 o - 73 stones (quivered)
 p - 46 sling bullets
Armour
 b - a +0 scale mail (worn)
 c - a +0 shield (worn)
 g - a +1 cloak (worn)
Jewellery
 m - a +2 ring of evasion {unknown}
 t - an uncursed amulet of magic regeneration {unknown}
Scrolls
 e - 7 scrolls of identify {unknown}
 l - 3 scrolls of teleportation {unknown}
 n - a scroll of remove curse {unknown}
 r - a scroll of amnesia {unknown}
 v - a scroll of immolation {unknown}
 w - a scroll of fog {unknown}
Potions
 d - a potion of might
 h - 3 potions of degeneration {unknown}
 i - 3 potions of haste {unknown}
 j - 3 potions of curing {unknown}
 k - a potion of heal wounds {unknown}
 q - 3 potions of flight {unknown}
 u - a potion of brilliance {unknown}
Comestibles
 f - 5 rations


   Skills:
 + Level 4.2 Fighting
 * Level 3.0 Axes
 + Level 4.2 Armour
 - Level 0.1 Stealth
 + Level 4.1 Shields


You had 2 spell levels left.
You didn't know any spells.
Your spell library was empty.

Dungeon Overview and Level Annotations

Branches:
Dungeon (3/15)

Altars:
Qazlal
The Shining One


Innate Abilities, Weirdness & Mutations

You reflexively headbutt those who attack you in melee.
You have a pair of horns on your head.


Message History

You block the orc priest's attack.
The orc priest hits you with a +0 trident.
* * * LOW HITPOINT WARNING * * *
You hit the orc priest but do no damage.
Your headbutt misses the orc priest.
You hit the orc priest but do no damage.
You block the orc priest's attack. x2; The orc priest hits you with a +0 club.
* * * LOW HITPOINT WARNING * * *
You hit the orc priest but do no damage.
You barely miss the orc priest. The orc priest barely misses you.
The orc priest hits you but does no damage.
The orc priest barely misses you.
You hit the orc priest but do no damage.
You hit the hobgoblin but do no damage.
You hit the orc priest but do no damage.
The hobgoblin hits you.
* * * LOW HITPOINT WARNING * * *
The orc priest mumbles some strange prayers to Beogh against you.
Beogh smites you!
You die...

#..o.o# #.....#
#.....# #.....#
#.##.....######
.......g.)oo..#
.....########.###
.(...########o..##
. .........@o...#
#.#######.g...#
####### #.###.#
#..รท..# #.###.#
#.###.#
#.....#+#.#...#
#.........#.###
#.........#.#
#.........#.#
#.........#.#


You could see 2 orc priests and a hobgoblin.

Vanquished Creatures
  2 worms (D:2)
  A dart slug (D:1)
  An orc (D:3)
  A ball python (D:3)
  5 giant cockroaches
  2 goblins (D:2)
  3 hobgoblins
  3 jackals (D:1)
  A kobold (D:2)
  A quokka (D:2)
  6 bats
  3 frilled lizards
  6 rats
35 creatures vanquished.

Notes
Turn   | Place    | Note
-------+----------+-------------------------------------------
     0 | D:1      | EWolf the Minotaur Fighter began the quest for the Orb.
     0 | D:1      | Reached XP level 1. HP: 19/19 MP: 0/0
    72 | D:1      | Found a glowing golden altar of the Shining One.
   446 | D:1      | Reached XP level 2. HP: 27/27 MP: 1/1
  1111 | D:2      | Reached XP level 3. HP: 33/33 MP: 2/2
  1554 | D:3      | Found a stormy altar of Qazlal.
  1777 | D:3      | Killed from afar by an orc priest

Levels and vault maps discovered:
D:1:      lightli_arrival_noodles, layout_basic, serial_glass, glass_columns_a,
          glass_columns_c, tso_altar
D:2:      layout_rooms
D:3:      layout_basic, xom_butterflies, grunt_qazlal_clouds, st_stairs_3,
          uniq_robin

Skill      XL: |  1  2  3 |
---------------+----------+-----
Fighting       | 4 |  4.2
Armour         | 4 |  4.2
Shields        | 4 |  4.1
Axes           | 3 |  3.0
Stealth        | |  0.1

Action                   || total
-------------------------++-------
Melee: War axe           ||   100
       Headbutt          ||    12
  Eat: Chunk             ||     3
Armor: Scale mail        ||    63
Dodge: Dodged            ||    32
Block: Shield            ||    65

Table legend:
 A = Non-vault XP
 B = Vault XP
 C = Vault XP percentage of total XP
 D = Non-vault monster count
 E = Vault monster count
 F = Vault count percentage of total count
                 A         B        C        D         E       F
            +---------+---------+-------+---------+---------+-------
      Total |      67 |       0 |   0.0 |      35 |       0 |   0.0
            +---------+---------+-------+---------+---------+-------
        D:1 |      26 |       0 |   0.0 |      15 |       0 |   0.0
        D:2 |      29 |       0 |   0.0 |      14 |       0 |   0.0
        D:3 |      12 |       0 |   0.0 |       6 |       0 |   0.0
            +---------+---------+-------+---------+---------+-------
